 Dungeon Crawl Stone Soup version 0.26-a0-708-g17f3b190f9 (webtiles) character file.

Game seed: 3297257128430169391

163 marklar909 the Chopper (level 5, -5/47 HPs)
             Began as a Hill Orc Monk on Oct 30, 2020.
             Killed from afar by an orc wizard (9 damage)
             ... with a magic dart
             ... on level 4 of the Dungeon.
             The game lasted 00:04:22 (3441 turns).

marklar909 the Chopper (Hill Orc Monk)              Turns: 3441, Time: 00:04:23

Health: -5/47      AC:  3    Str: 15    XL:     5   Next: 44%
Magic:  5/5        EV: 13    Int: 10    God:
Gold:   237        SH:  0    Dex: 13    Spells: 4/4 levels left

rFire    . . .     SeeInvis .   a - +0 hand axe
rCold    . . .     Faith    .   (no shield)
rNeg     . . .     Spirit   .   e - +0 leather armour
rPois    .         Reflect  .   (no helmet)
rElec    .         Harm     .   (no cloak)
rCorr    .         Rampage  .   (no gloves)
MR       .....                  (no boots)
Stlth    ++........             (no amulet)
HPRegen  0.15/turn              (no ring)
MPRegen  0.09/turn              (no ring)

@: no status effects
A: no striking features
a: no special abilities


You were on level 4 of the Dungeon.
You visited 1 branch of the dungeon, and saw 4 of its levels.

You collected 237 gold pieces.

Inventory:

Hand Weapons
 a - a +0 hand axe (weapon)
Armour
 b - a +0 robe
 e - a +0 leather armour (worn)
 i - a +2 kite shield
Jewellery
 r - an uncursed ring of resist corrosion {unknown}
Wands
 q - a wand of enslavement (1)
Scrolls
 d - a scroll of teleportation {unknown}
 f - 2 scrolls of magic mapping {unknown}
 j - 2 scrolls of remove curse
 k - a scroll of blinking {unknown}
 m - a scroll of enchant armour {unknown}
 n - a scroll of enchant weapon {unknown}
 o - a scroll of random uselessness {unknown}
 p - 3 scrolls of identify {unknown}
 s - a scroll of amnesia {unknown}
Potions
 c - 2 potions of curing
 g - 2 potions of brilliance {unknown}
 h - a potion of berserk rage {unknown}
 l - 2 potions of degeneration {unknown}
 t - a potion of might {unknown}


   Skills:
 + Level 4.5 Fighting
 + Level 5.5 Axes
 + Level 1.7 Armour
 + Level 3.1 Dodging
 + Level 2.2 Stealth


You had 4 spell levels left.
You didn't know any spells.
Your spell library was empty.

Dungeon Overview and Level Annotations

Branches:
Dungeon (4/15)
 Temple: D:4-7

Altars:
Makhleb


Message History

You hit the orc wizard but do no damage.
The orc wizard is heavily wounded.
You hit the orc priest but do no damage.
The orc priest shouts, "Surrender to Beogh and we'll let you live!"
The orc priest hits you with a +0 mace!
* * * LOW HITPOINT WARNING * * *
The orc wizard hits you but does no damage.
You hit the orc priest but do no damage.
The orc priest is almost dead.
You hit the orc wizard but do no damage.
The orc priest hits you but does no damage.
The orc wizard hits you with a cursed -2 dagger.
* * * LOW HITPOINT WARNING * * *
Unknown command.
You hit the orc priest.
You kill the orc priest!
You hit the orc wizard.
The orc wizard points at you and mumbles some strange words.
The magic dart hits you!
You die...

#...... ..... ....#
...# # ...# ##. ##.
##..# #.. ##...##.)#
..#.. #.....o@.##
#..... .....)....#
#..... ......##..##
#..... #....# ##..##
#.....
......###...## #....
.#...........#
###.... ##
###......#####......
###.....##........
###.............


You could see an orc wizard.

Vanquished Creatures
  2 orc priests
  5 adders
  2 oozes
  4 worms
  A leopard gecko (D:2)
  2 orcs (D:3)
  3 ball pythons
  6 giant cockroaches
  2 goblins
  7 hobgoblins
  6 bats
  5 frilled lizards
  7 kobolds
  7 rats
59 creatures vanquished.

Vanquished Creatures (collateral kills)
  2 orcs (D:4)
2 creatures vanquished.

Vanquished Creatures (others)
  A plant (D:2)
1 creature vanquished.

Grand Total: 62 creatures vanquished

Notes
Turn   | Place    | Note
-------+----------+-------------------------------------------
     0 | D:1      | marklar909 the Hill Orc Monk began the quest for the Orb.
     0 | D:1      | Reached XP level 1. HP: 19/19 MP: 1/1
   297 | D:1      | Reached XP level 2. HP: 21/27 MP: 2/2
   948 | D:2      | Reached XP level 3. HP: 16/33 MP: 3/3
  1235 | D:2      | Found a faded altar of an unknown god.
  1922 | D:3      | Reached skill level 1 in Armour
  1957 | D:3      | Reached XP level 4. HP: 36/40 MP: 4/4
  2097 | D:3      | Reached skill level 5 in Axes
  2821 | D:3      | Reached XP level 5. HP: 29/47 MP: 5/5
  2994 | D:3      | Found a burning altar of Makhleb.
  3441 | D:4      | Killed from afar by an orc wizard

Illustrated notes

Levels and vault maps discovered:
D:1:      erik_arrival_triangle_huge, layout_basic,
          ebering_dispersal_statue_hall
D:2:      layout_rooms, chequers_ecumenical_altar_lobes
D:3:      layout_loops_ring, lemuel_coloured_pillars_altar, minmay_between
D:4:      layout_layer_cave

Skill      XL: |  1  2  3  4 |
---------------+-------------+-----
Fighting       | 4 |  4.5
Stealth        | 2 |  2.2
Armour         | 1 |  1.7
Axes           | 5 |  5.5
Dodging        | 3 |  3.1

Action                   |  1- 3 |  4- 6 || total
-------------------------+-------+-------++-------
Melee: Hand axe          |   134 |   123 ||   257
Evoke: Wand              |       |     2 ||     2
  Use: Scroll            |     1 |       ||     1
       Potion            |       |     1 ||     1
 Stab: Sleeping          |     8 |     2 ||    10
       Distracted        |     1 |       ||     1
       Confused          |       |     2 ||     2
Armor: Robe              |     8 |       ||     8
       Leather armour    |    14 |    20 ||    34
Dodge: Dodged            |    77 |    67 ||   144

Table legend: (Time is in decaauts)
 A = Elapsed time spent in this place.
 B = Non-inter-level travel time spent in this place.
 C = Inter-level travel time spent in this place.
 D = Time resting spent in this place.
 E = Time spent auto-exploring this place.
 F = Levels seen in this place.
 G = Mean time per level.
                   A        B        C        D        E       F      G
               +--------+--------+--------+--------+--------+-----+--------+
         Total |   3457 |   3343 |    114 |      0 |   2783 |   4 |  864.2 |
       Dungeon |   3457 |   3343 |    114 |      0 |   2783 |   4 |  864.2 |
               +--------+--------+--------+--------+--------+-----+--------+

Top non-repeatable levels by time:
     D:3: 1349 daAuts
     D:2: 1133 daAuts
     D:1: 782 daAuts
     D:4: 192 daAuts
